 Seeded DCSS version 0.30-a0-964-gd452b5e7fa (webtiles) character file.

Game seed: 3125986916090331667 (custom seed)

4580 Parcival the Unseen (level 10, -2/60 HPs)
             Began as a Kobold Brigand on Mar 29, 2023.
             Slain by a gnoll sergeant
             ... wielding a +0 trident
              (9 damage)
             ... on level 9 of the Dungeon on Mar 30, 2023.
             The game lasted 00:27:46 (7829 turns).

Parcival the Unseen (Kobold Brigand)                Turns: 7829, Time: 00:27:47

Health: -2/60      AC:  4    Str: 15    XL:     10   Next: 68%
Magic:  0/19       EV: 27    Int: 14    God:
Gold:   1351       SH:  0    Dex: 26    Spells: 9/9 levels left

rFire   . . .      SeeInvis .    a - +4 dagger (chaos)
rCold   . . .      Faith    .    (no shield)
rNeg    . . .      Spirit   +    n - +1 robe
rPois   .          Reflect  .    (no helmet)
rElec   .          Rampage  .    c - +0 cloak
rCorr   .                        (no gloves)
Will    .....                    (no boots)
Stlth   +++++++++                s - amulet of guardian spirit
HPRegen 0.30/turn                f - ring of Wisdom {MP+9 EV+5 Int+2 Dex+5}
MPRegen 0.16/turn                i - +6 ring of strength

@: mighty, studying Stealth
A: small, no large weapons, nightstalker 3
a: no special abilities


You were on level 9 of the Dungeon.
You visited 2 branches of the dungeon, and saw 10 of its levels.

You collected 1351 gold pieces.

Inventory:

Hand Weapons
 a - a +4 dagger of chaos (weapon)
 v - a +4 quarterstaff of chaos
Missiles
 d - 32 poisoned darts (quivered)
 e - 4 curare-tipped darts
Armour
 c - a +0 cloak (worn)
 n - a +1 robe (worn)
Jewellery
 f - the ring of Wisdom (left hand) {MP+9 EV+5 Int+2 Dex+5}
   (You acquired it on level 1 of the Dungeon)

   [ring of evasion]

   EV:        It affects your evasion (+5).
   Int:       It affects your intelligence (+2).
   Dex:       It affects your dexterity (+5).
   MP:        It affects your magic capacity (+9).
 g - an amulet of reflection
 h - an amulet of magic regeneration
 i - a +6 ring of strength (right hand)
 m - a ring of wizardry
 s - an amulet of guardian spirit (around neck)
 y - a ring of magical power
Wands
 b - a wand of flame (13)
Scrolls
 j - 2 scrolls of teleportation
 z - a scroll of poison {unknown}
Potions
 k - 3 potions of degeneration
 o - a potion of ambrosia
 p - a potion of resistance
 q - a potion of lignification
 r - a potion of cancellation
 t - 2 potions of attraction {unknown}
 u - a potion of brilliance {unknown}
 w - a potion of haste {unknown}
 x - a potion of curing {unknown}


   Skills:
 + Level 5.6 Fighting
 + Level 10.3 Short Blades
 + Level 2.2 Throwing
 + Level 7.9 Dodging
 + Level 19.0 Stealth


You had 9 spell levels left.
You didn't know any spells.
Your spell library contained the following spells:

 Spells                   Type           Power      Damage    Failure   Level
 Sandblast                Erth           0%         2d4       28%         1
 Summon Small Mammal      Summ           0%         N/A       28%         1
 Ensorcelled Hibernation  Hex/Ice        0%         N/A       41%         2
 Passwall                 Tmut/Erth      0%         N/A       41%         2
 Sublimation of Blood     Necr           0%         N/A       41%         2
 Call Canine Familiar     Summ           0%         N/A       65%         3
 Inner Flame              Hex/Fire       0%         N/A       65%         3
 Portal Projectile        Hex/Tloc       0%         N/A       65%         3
 Stone Arrow              Conj/Erth      0%         3d7       65%         3
 Summon Guardian Golem    Hex/Summ       0%         N/A       65%         3
 Swiftness                Air            0%         N/A       65%         3
 Flame Wave               Conj/Fire      0%         2d4       96%         4
 Leda's Liquefaction      Hex/Erth       0%         N/A       96%         4
 Petrify                  Tmut/Erth      0%         N/A       96%         4
 Sticky Flame             Conj/Fire      0%         2d3       96%         4
 Irradiate                Conj/Tmut      0%         3d11      100%        5


Dungeon Overview and Level Annotations

Branches:
Dungeon (9/15)             Temple (1/1) D:5
   Lair: D:8-11         Orc: D:9-12

Altars:
Ashenzari
Cheibriados
Elyvilon
Fedhas
Gozag
Hepliaklqana
Kikubaaqudgha
Makhleb
Nemelex Xobeh
Okawaru
Qazlal
Ru
Sif Muna
Trog
Uskayaw
Vehumet
Yredelemnul
Zin

Shops:
D:3 :   D:5 (**?   D:7 :

Annotations:
D:8 1 transporter, 2 runed translucent doors


Innate Abilities, Weirdness & Mutations

You are small and have problems with some larger weapons.
You are completely attuned to the shadows.


Message History

The two-headed ogre is lightly wounded.
The gnoll completely misses you.
The gnoll sergeant hits you with a +0 trident!
You puncture the two-headed ogre! You drain the two-headed ogre.
The two-headed ogre is moderately wounded.
The two-headed ogre completely misses you.
The two-headed ogre closely misses you.
You puncture the two-headed ogre! You freeze the two-headed ogre.
The two-headed ogre is severely wounded.
The gnoll completely misses you. The gnoll sergeant closely misses you.
You hit the two-headed ogre.
The two-headed ogre looks as sick as possible!
Your punch misses the two-headed ogre.
The two-headed ogre is severely wounded.
You puncture the two-headed ogre!
The two-headed ogre is almost dead.
The two-headed ogre misses you.
The two-headed ogre hits you with a +0 dire flail!
* * * LOW HITPOINT WARNING * * *
The gnoll sergeant closely misses you. The gnoll barely misses you.
You hit the two-headed ogre.
You kill the two-headed ogre!
Your Stealth skill increases to level 19!
You puncture the gnoll sergeant!
You feel better.
The gnoll sergeant is moderately wounded.
The gnoll completely misses you. The gnoll sergeant closely misses you.
You hit the gnoll sergeant.
The gnoll sergeant suddenly seems more agile.
The gnoll sergeant is heavily wounded.
You closely miss the gnoll sergeant.
The gnoll sergeant is heavily wounded.
The gnoll completely misses you. The gnoll sergeant barely misses you.
You barely miss the gnoll sergeant.
The gnoll sergeant is heavily wounded.
You barely miss the gnoll sergeant.
The gnoll sergeant is heavily wounded.
The gnoll hits you with a +0 flail.
* * * LOW HITPOINT WARNING * * *
The gnoll sergeant hits you with a +0 trident!
You die...

#########........#
#######'## #.#
###.# ###...#
#...###
####'#########
......<.))...#
........)@g..#
........)g...+
.............#
.............#
.........#


You could see a gnoll sergeant (agile) and a gnoll (very drained).

Vanquished Creatures
  A two-headed ogre (D:9)
  A troll (D:6)
  A wraith (D:7)
  A wyvern (D:8)
  2 steam dragons (D:7)
  4 water moccasins
  An orc warrior (D:6)
  2 ice beasts
  An ogre (D:5)
  A sky beast (D:6)
  3 black bears
  3 centaurs
  2 kobold brigands
  2 bullfrogs
  6 scorpions
  5 wights (D:8)
  4 killer bees (D:8)
  A hound (D:6)
  5 jellies
  3 orc priests
  Crazy Yiuf (D:7)
  4 iguanas
  A sleepcap (D:4)
  Natasha (twice) (D:2)
  4 orc wizards
  5 gnolls
  7 adders
  3 white imps (D:6)
  A worm (D:2)
  2 dart slugs
  23 orcs
  7 endoplasms
  2 giant cockroaches
  5 hobgoblins
  4 jackals (D:4)
  18 kobolds
  4 quokkas
  9 ball pythons
  4 bats
  2 frilled lizards
  9 goblins
  4 rats
  A butterfly (D:1)
171 creatures vanquished.

Notes
Turn   | Place    | Note
-------+----------+-------------------------------------------
     0 | D:1      | Parcival the Kobold Brigand began the quest for the Orb.
     0 | D:1      | Reached XP level 1. HP: 12/12 MP: 1/1
    19 | D:1      | Identified a scroll of acquirement
    19 | D:1      | Acquired the ring of Wisdom {MP+9 EV+5 Int+2 Dex+5}
   177 | D:1      | Reached XP level 2. HP: 17/17 MP: 2/2
   250 | D:1      | Reached skill level 6 in Stealth
   351 | D:1      | Reached XP level 3. HP: 21/21 MP: 3/3
  1052 | D:2      | Reached skill level 7 in Stealth
  1052 | D:2      | Reached XP level 4. HP: 26/26 MP: 4/4
  1109 | D:2      | Noticed Natasha
  1115 | D:2      | Killed Natasha
  1555 | D:2      | Acquired a manual of Stealth
  1607 | D:2      | Noticed Natasha
  1615 | D:2      | Killed Natasha
  1616 | D:2      | Reached skill level 8 in Stealth
  1616 | D:2      | Reached XP level 5. HP: 31/31 MP: 5/5
  1651 | D:3      | Found an iron altar of Okawaru.
  1733 | D:3      | Identified the +1 chain mail of Supple Strength {Harm
                  | Str+3}
  1816 | D:3      | Found Digoh's Book Boutique.
  2434 | D:4      | Reached skill level 9 in Stealth
  2464 | D:4      | Found a hazy altar of Hepliaklqana.
  2507 | D:4      | Reached skill level 10 in Stealth
  2507 | D:4      | Reached XP level 6. HP: 36/36 MP: 6/6
  2557 | D:4      | Reached skill level 11 in Stealth
  2644 | D:4      | Acquired 982 gold pieces
  2867 | D:4      | Reached XP level 7. HP: 19/40 MP: 7/7
  3174 | D:4      | Noticed a water moccasin
  3178 | D:4      | Killed a water moccasin
  3179 | D:4      | Reached skill level 12 in Stealth
  3434 | D:5      | Entered Level 5 of the Dungeon
  3442 | D:5      | Reached skill level 5 in Short Blades
  3442 | D:5      | Reached skill level 13 in Stealth
  3468 | D:5      | Reached XP level 8. HP: 40/46 MP: 8/8
  3490 | D:5      | Found Tuexan's Magic Scroll Boutique.
  3523 | D:5      | Found Keelodoj's General Store.
  3524 | D:5      | Found Kuxiet's Assorted Antiques.
  3524 | D:5      | Found Istewn's Weapon Boutique.
  3849 | D:5      | Reached skill level 14 in Stealth
  4031 | D:5      | Found a staircase to the Ecumenical Temple.
  4055 | Temple   | Entered the Ecumenical Temple
  4295 | D:5      | Reached skill level 15 in Stealth
  4523 | D:6      | Reached XP level 9. HP: 35/52 MP: 9/9
  4777 | D:6      | Reached skill level 5 in Dodging
  4813 | D:6      | Reached skill level 16 in Stealth
  5080 | D:6      | Noticed a troll
  5087 | D:6      | Killed a troll
  5624 | D:7      | Reached skill level 17 in Stealth
  5716 | D:7      | Found Jauttyss's Tremendous Tomes.
  5822 | D:7      | Reached XP level 10. HP: 53/58 MP: 10/10
  6558 | D:7      | Reached skill level 5 in Fighting
  6683 | D:7      | Found a runed translucent door.
  6686 | D:7      | Noticed Crazy Yiuf
  6698 | D:7      | Killed Crazy Yiuf
  7026 | D:8      | Found a transporter.
  7166 | D:8      | Reached skill level 18 in Stealth
  7231 | D:8      | Found a sparkling altar of Nemelex Xobeh.
  7523 | D:8      | Found a large runed translucent door.
  7524 | D:8      | Found a large runed translucent door.
  7610 | D:8      | Reached skill level 10 in Short Blades
  7613 | D:8      | Upgraded the game from 0.30-a0-956-gcec3b41aec to
                  | 0.30-a0-964-gd452b5e7fa
  7803 | D:9      | Noticed a two-headed ogre
  7824 | D:9      | Killed a two-headed ogre
  7825 | D:9      | Reached skill level 19 in Stealth
  7829 | D:9      | Slain by a gnoll sergeant

Illustrated notes

Levels and vault maps discovered:
D:1:      amcnicky_arrival_single_pillar, layout_loops_cross,
          hangedman_glass_garden
D:2:      layout_loops_ring, dk_vineyard_1, uniq_natasha
D:3:      layout_basic, mainiacjoe_overflow_catwalk, serial_forest,
          infiniplex_forest_zigzag_1, infiniplex_forest_split,
          infiniplex_forest_end_double, infiniplex_forest_lined_room_,
          infiniplex_forest_corner_1, infiniplex_forest_lined_room_2,
          serial_shops, nicolae_shop_hallway_stairs
D:4:      layout_basic, old_standard_altar
D:5:      layout_rooms, minmay_temple_entry_drinking_statues,
          minmay_shop_grid_forest
D:6:      layout_rooms, lemuel_tele_altar, minmay_microvault
D:7:      layout_basic, minmay_misc_feat_hallway, nicolae_shop_i_like_big_books,
          chequers_serial_rivers_large_a, uniq_crazy_yiuf_cottage
D:8:      gammafunk_beogh_shrine, layout_basic,
          mainiacjoe_overflow_six_doors_small, jmf_multi_god_temple2,
          kennysheep_little_box, serial_curves, eino_curves_01, eino_curves_02
D:9:      layout_roguey, orc_0_dummy
Temple:   hellmonk_temple_of_storms

Skill      XL: |  1  2  3  4  5  6  7  8  9 10 |
---------------+-------------------------------+-----
Stealth        | 6 7 8 10 11 13 15 17 19 | 19.0
Short Blades   | 3 4 5 6 9 10 | 10.3
Dodging        | 2 3 4 6 7 |  7.9
Fighting       | 3 4 5 |  5.6
Throwing       | |  2.2

Action                     |  1- 3 |  4- 6 |  7- 9 | 10-12 || total
---------------------------+-------+-------+-------+-------++-------
  Melee: Dagger            |    35 |    88 |   207 |   169 ||   499
         Punch             |       |     1 |     3 |       ||     4
    Use: Scroll            |     3 |    13 |     4 |     4 ||    24
         Potion            |       |     1 |     1 |     2 ||     4
   Stab: Sleeping          |    21 |    22 |    17 |     8 ||    68
         Distracted        |       |     3 |     6 |     1 ||    10
 Armour: Robe              |     4 |     8 |    10 |    20 ||    42
  Dodge: Dodged            |    16 |    63 |   168 |   160 ||   407

Table legend: (Time is in decaauts)
 A = Elapsed time spent in this place.
 B = Non-inter-level travel time spent in this place.
 C = Inter-level travel time spent in this place.
 D = Time resting spent in this place.
 E = Time spent auto-exploring this place.
 F = Levels seen in this place.
 G = Mean time per level.
                   A        B        C        D        E       F      G
               +--------+--------+--------+--------+--------+-----+--------+
         Total |   7686 |   7441 |    245 |    253 |   5541 |  10 |  768.6 |
       Dungeon |   7565 |   7323 |    242 |    253 |   5511 |   9 |  840.6 |
        Temple |    120 |    117 |      3 |      0 |     30 |   1 |  120.0 |
               +--------+--------+--------+--------+--------+-----+--------+

Top non-repeatable levels by time:
     D:7: 1449 daAuts
     D:4: 998 daAuts
     D:6: 994 daAuts
     D:5: 905 daAuts
     D:2: 813 daAuts
     D:1: 804 daAuts
     D:3: 793 daAuts
     D:8: 752 daAuts
  Temple: 120 daAuts
     D:9: 55 daAuts
